 Dungeon Sprint DCSS version 0.19-a0-1568-gdd01aac (webtiles) character file.

221 poirepourri the Fighter (level 5, -1/43 HPs)
             Began as a Gargoyle Fighter on Sept 15, 2016.
             Slain by a freezing wraith (5 damage)
             ... in the Dungeon (Sprint VII: "The Pits").
             The game lasted 00:00:56 (342 turns).

poirepourri the Fighter (Gargoyle Fighter)           Turns: 342, Time: 00:00:56

Health: -1/43      AC: 10    Str: 24    XL:     5   Next: 98%
Magic:  5/5        EV:  8    Int:  9    God:
Gold:   0          SH:  9    Dex: 10    Spells: 0 memorised, 4 levels left

rFire  . . .     SeeInvis .     a - +0 flail
rCold  . . .     Gourm    .     b - +0 scale mail
rNeg   + . .     Faith    .     c - +0 shield
rPois  ∞         Spirit   .     (no helmet)
rElec  +         Dismiss  .     (no cloak)
rCorr  .         Reflect  .     (no gloves)
MR     .....     Harm     .     (no boots)
Stlth  .......... NoTele   +    (no amulet)
                                (no ring)
                                (no ring)

@: mighty, slowed, very slow
A: negative energy resistance 1, electricity resistance, unbreathing,
petrification resistance, rot immunity, AC +4
a: no special abilities


You were in the Dungeon.
You were not hungry.

You visited 1 branch

Inventory:

Hand Weapons
 a - a +0 flail (weapon)
Armour
 b - a +0 scale mail (worn)
 c - a +0 shield (worn)
Scrolls
 k - a scroll of blinking
Potions
 h - a potion of haste
 i - 2 potions of magic
Comestibles
 f - a bread ration


   Skills:
 + Level 10.3 Fighting
 + Level 7.2 Maces & Flails
 - Level 3.2 Armour
 + Level 2.1 Dodging
 - Level 3.2 Shields


You had 4 spell levels left.
You didn't know any spells.

Dungeon Overview and Level Annotations

Branches:
Dungeon (1/1)

Altars:


Innate Abilities, Weirdness & Mutations

You are resistant to torment.
Your stone body is resilient. (AC +4)
You are immune to poison.
You resist negative energy. (rN+)
You are resistant to electric shocks. (rElec)
You can survive without breathing.
You are immune to petrification.
You are immune to rotting.


Message History

The jumping spider barely misses you. You block the jumping spider's attack.
There is an open door, spattered with blood here.
Things that are here:
a jackal corpse; a worker ant corpse; a jackal corpse The jumping spider leaps!
You sock the jumping spider!
The jumping spider is moderately wounded.
The jumping spider leaps!
The freezing wraith hits you. The freezing wraith freezes you!
The freezing wraith hits you.
You feel much better.
The jumping spider leaps!
The freezing wraith hits you! The freezing wraith freezes you!!
The freezing wraith hits you. The freezing wraith drains your vigour!
You feel yourself slow down.
You feel better. You block the freezing wraith's attack.
The freezing wraith hits you but does no damage.
You feel very mighty all of a sudden. The freezing wraith hits you.
The freezing wraith freezes you!
* * * LOW HITPOINT WARNING * * *
The freezing wraith hits you but does no damage.
You block the freezing wraith's attack. The freezing wraith hits you.
You die...

#.# #.......# #†#
#.......# #.#
#...<...# #.#
#.......# #.#
#.......#
#'###########.......#
#.......#..##########
#.###...#.######
#.#.....#@#....#
#.#...#.#W#....#
#.....#.#hs....+
#...###.#'#....#
#.......'.#....#
################


You could see a freezing wraith, a jumping spider and a hound.

Vanquished Creatures
  A wolf (D)
  A quasit (D)
  A crimson imp (D)
  An iron imp (D)
  A worker ant (D)
  An adder (D)
  A leopard gecko (D)
  A bat skeleton (D)
  A bat zombie (D)
  3 jackals (D)
  A jackal skeleton (D)
13 creatures vanquished.

Notes
Turn   | Place    | Note
-------+----------+-------------------------------------------
     0 | D        | poirepourri the Gargoyle Fighter began the quest for the Orb.
     0 | D        | Reached XP level 1. HP: 14/14 MP: 1/1
    30 | D        | Reached skill level 5 in Fighting
    30 | D        | Reached XP level 2. HP: 14/21 MP: 2/2
   135 | D        | Noticed a wolf
   147 | D        | Killed a wolf
   147 | D        | Reached skill level 8 in Fighting
   147 | D        | Reached skill level 5 in Maces & Flails
   147 | D        | Reached skill level 1 in Dodging
   147 | D        | Reached XP level 3. HP: 29/29 MP: 3/3
   147 | D        | Reached XP level 4. HP: 35/35 MP: 4/4
   153 | D        | Reached skill level 9 in Fighting
   153 | D        | Reached XP level 5. HP: 41/41 MP: 5/5
   202 | D        | Reached skill level 10 in Fighting
   334 | D        | Noticed a freezing wraith
   334 | D        | Noticed a jumping spider
   342 | D        | Slain by a freezing wraith

Vault maps used:
D:        pitsprint

Skill      XL: |  1  2  3  4  5 |
---------------+----------------+-----
Fighting       | 5 8 9 10 | 10.3
Maces & Flails | 5 7 |  7.2
Dodging        | 1 2 |  2.1
Armour         | |  3.2
Shields        | |  3.2

Action                   |  1- 3 |  4- 6 || total
-------------------------+-------+-------++-------
Melee: Flail             |    20 |    41 ||    61
  Use: Potion            |     1 |     3 ||     4
Armor: Scale mail        |    25 |    22 ||    47
Dodge: Dodged            |    12 |    18 ||    30
Block: Shield            |    16 |    28 ||    44
